[Event "*** Titled Tuesday 3|2 Blitz"]
[Site "Chess.com"]
[Date "2015.10.06"]
[Round "9"]
[White "lorcho"]
[Black "Dlugy"]
[Result "0-1"]
[WhiteElo "2574"]
[BlackElo "2562"]
[TimeControl "180+2"]
[EndTime "18:49:44 PDT"]
[Termination "Dlugy won by resignation"]

1. e4 d5 2. Nc3 d4 3. Nce2 g6 4.
d3 c5 5. g3 Nc6 6. Bg2 e5 7.
f4 Bg7 8. Nf3 Nge7 9. O-O O-O 10. g4 Bxg4 11. h3 Bxf3 12. Rxf3 exf4 13. Bxf4 Ne5 14.
Rf2 N7c6 15. Ng3 Qh4 16. Nf1 Rae8 17. Qd2 h6 18. Bg3 Qe7 19. Nh2 b5 20. Raf1 c4 21. Bf4 Kh7 22. a3 a5 23. Bf3 a4 24. Bd1 Qc5 25.
Ng4 Nxg4 26. hxg4 c3 27. bxc3 dxc3 28. Be3 Qxa3 29. Qe1 Qe7 30. g5 a3 31. gxh6 Be5 32. Rg2 a2 33. Bg4 b4 34. Qf2 Rd8 35. Bc5 Qxc5 36. Qxc5 Bd4+ 37. Qxd4 Nxd4 38. Ra1 Ra8 39. Bd1 Kxh6 40. Kh2 Ra5 41. Kg3 Rg5+ 42. Kf2 Rxg2+ 43. Kxg2 Ra8 44. Kf2 b3 45. cxb3 c2 0-1

[Event "*** Titled Tuesday 3|2 Blitz"]
[Site "Chess.com"]
[Date "2015.10.06"]
[Round "9"]
[White "ChessFrois"]
[Black "NMofPuppets"]
[Result "1-0"]
[WhiteElo "1832"]
[BlackElo "2131"]
[TimeControl "180+2"]
[EndTime "18:50:05 PDT"]
[Termination "ChessFrois won by resignation"]

1. e4 e5 2. Nc3 Nf6 3. f4 d5 4. fxe5 Nxe4 5. Nf3 Nc6 6. d3 Nxc3 7. bxc3 Bg4 8. d4 Be7 9. Bd3 Qd7 10. O-O h6 11. h3 Be6 12. Rb1 b6 13. Qe1 O-O 14.
Qg3 Kh8 15. Nh4 f6 16. Ng6+ Kg8 17. Nxf8 Bxf8 18. exf6 g5 19. Bxg5 hxg5 20. Qxg5+ Kh8 21. Rf4 Qh7 1-0

[Event "*** Titled Tuesday 3|2 Blitz"]
[Site "Chess.com"]
[Date "2015.10.06"]
[Round "9"]
[White "Noukii"]
[Black "LePlusMortel"]
[Result "1/2-1/2"]
[WhiteElo "2541"]
[BlackElo "2398"]
[TimeControl "180+2"]
[EndTime "18:50:42 PDT"]
[Termination "Game drawn by repetition"]

1. d4 Nf6 2. c4 c5 3. d5 e6 4. Nc3 exd5 5. cxd5 Bd6 6. Nf3 O-O 7. Bg5 Re8 8. e3 a6 9. a4 Bf8 10. d6 Re6 11. Bc4 Rxd6 12. Qb3 Re6 13. O-O Nc6 14. Bxe6 fxe6 15. e4 Qc7 16. Rad1 b6 17.
Rfe1 Ng4 18. h3 Nge5 19. Nxe5 Nxe5 20. Nd5 exd5 21. Qxd5+ Nf7 22. Qxa8 Nxg5 23. e5 Bb7 24. Qe8 Qc6 25. f3 Nxf3+ 26. gxf3 Qxf3 27. Rd2 Qh1+ 28. Kf2 Qf3+ 29. Kg1 Qh1+ 30. Kf2 Qf3+ 31. Kg1 1/2-1/2

[Event "*** Titled Tuesday 3|2 Blitz"]
[Site "Chess.com"]
[Date "2015.10.06"]
[Round "9"]
[White "wonderfultime"]
[Black "AlexanderL"]
[Result "1-0"]
[WhiteElo "2632"]
[BlackElo "2536"]
[TimeControl "180+2"]
[EndTime "18:50:44 PDT"]
[Termination "wonderfultime won by resignation"]

1. d4 Nf6 2. c4 c5 3. d5 b5 4. Nd2 g6 5. b3 Bg7 6. Bb2 O-O 7. e4 bxc4 8. Bxc4 d6 9. Qc2 e6 10. dxe6 fxe6 11. Ngf3 d5 12. Be2 Nbd7 13. O-O Bb7 14. Rfe1 Qb6 15. Bf1 Rae8 16. Rad1 d4 17. Nc4 Qc7 18.
b4 Ng4 19. h3 Rxf3 20. hxg4 Rf4 21. f3 e5 22. Qb3 Kh8 23. Rc1 Rff8 24. Ba3 Bh6 25.
bxc5 Bxc1 26. Rxc1 Ba6 27. c6 Qxc6 28. Nxe5 Nxe5 29. Rxc6 Bxf1 30. Bxf8 Nxc6 31. Qf7 1-0

[Event "*** Titled Tuesday 3|2 Blitz"]
[Site "Chess.com"]
[Date "2015.10.06"]
[Round "9"]
[White "pKiLz5Rn9b"]
[Black "HansCoolNiemann"]
[Result "1-0"]
[WhiteElo "2405"]
[BlackElo "2121"]
[TimeControl "180+2"]
[EndTime "18:50:55 PDT"]
[Termination "pKiLz5Rn9b won by checkmate"]

1. e4 e6 2. d4 d5 3. Nd2 c5 4. exd5 Qxd5 5. Ngf3 cxd4 6. Bc4 Qd6 7. O-O Nf6 8. Nb3 Nc6 9. Nbxd4 Nxd4 10. Nxd4 a6 11.
Re1 Qc7 12. Bb3 Bd6 13. h3 O-O 14. Qf3 Bh2+ 15. Kh1 Be5 16. c3 Bd7 17. Be3 Rad8 18. Rad1 Rfe8 19. Bg5 h6 20. Bh4 a5 21. Bc2 Bxd4 22.
Rxd4 Bc6 23. Qd3 Rxd4 24. Qxd4 Rd8 25. Qe3 Qc8 26. Bxf6 gxf6 27. Qxh6 f5 28. Re3 Qc7 29. Rg3+ Qxg3 30. fxg3 Rd7 31. h4 Be4 32. Qg5+ Kf8 33. Ba4 Rd3 34. h5 b5 35. h6 bxa4 36. h7 Rd1+ 37. Kh2 Ke8 38. h8=Q+ Kd7 39. Qhd8+ Kc6 40. Qxd1 Bd5 41. Qxa4+ Kb6 42. Qd8+ Kb7 43. Qaxa5 f4 44.
Qab6# 1-0

[Event "*** Titled Tuesday 3|2 Blitz"]
[Site "Chess.com"]
[Date "2015.10.06"]
[Round "9"]
[White "Andnar"]
[Black "Viaje"]
[Result "0-1"]
[WhiteElo "2228"]
[BlackElo "2217"]
[TimeControl "180+2"]
[EndTime "18:51:10 PDT"]
[Termination "Viaje won by resignation"]

1. e4 c5 2. Nf3 d6 3. d4 cxd4 4. Nxd4 Nf6 5. Nc3 a6 6. Bg5 e6 7. f4 Qb6 8. Qd2 Qxb2 9. Rb1 Qa3 10. Nb3 Nbd7 11. Bd3 Be7 12. O-O Qb4 13. Kh1 Qb6 14.
Rbe1 Qc7 15. f5 O-O 16. Nd4 Ne5 17. Nce2 Bd7 18. Nf4 Nxe4 19. Bxe4 Bxg5 20. fxe6 fxe6 21. h4 Bxf4 22. Rxf4 Rxf4 23. Qxf4 Rf8 24. Qg3 Qc4 25. c3 Qxa2 26. Nc2 Qc4 27. Qe3 Rf1+ 28. Rxf1 Qxf1+ 29. Qg1 Qf4 30. Qd4 Qxh4+ 31. Kg1 Bc6 32. Bxh7+ Qxh7 33. Qxd6 Qxc2 34. Qxe5 0-1

[Event "*** Titled Tuesday 3|2 Blitz"]
[Site "Chess.com"]
[Date "2015.10.06"]
[Round "9"]
[White "ilmago"]
[Black "josiwales"]
[Result "1-0"]
[WhiteElo "1899"]
[BlackElo "2026"]
[TimeControl "180+2"]
[EndTime "18:51:42 PDT"]
[Termination "ilmago won by resignation"]

1. e4 c5 2. Nf3 Nc6 3. d4 cxd4 4. Nxd4 g6 5. c4 Bg7 6. Be3 Nf6 7. Nc3 Ng4 8. Qxg4 Nxd4 9. Qd1 Ne6 10. Rc1 O-O 11.
Be2 d6 12. O-O b6 13. b3 Bb7 14. f3 Rc8 15. Nb5 a6 16. Nc3 f5 17. Nd5 Nc5 18.
exf5 gxf5 19. Bg5 Rf7 20. Re1 Ne6 21. Bh4 Kh8 22. Bd3 Bxd5 23. cxd5 Nf4 24. Bxa6 Rxc1 25. Qxc1 Bd4+ 26. Kh1 Ng6 27. Qc4 Be5 28. Bf2 Rf8 29.
Qc6 e6 30. dxe6 Qg5 31. Qxb6 Nh4 32. Bf1 Rg8 33. Bd4 Nxg2 34. Rxe5 dxe5 35. Bxe5+ 1-0

[Event "*** Titled Tuesday 3|2 Blitz"]
[Site "Chess.com"]
[Date "2015.10.06"]
[Round "9"]
[White "ltpnj"]
[Black "Makalexa"]
[Result "0-1"]
[WhiteElo "2311"]
[BlackElo "2059"]
[TimeControl "180+2"]
[EndTime "18:51:47 PDT"]
[Termination "Makalexa won by resignation"]

1. c4 g6 2. Nc3 Bg7 3. g3 c5 4. Bg2 Nc6 5. e3 Nh6 6. h4 a6 7. h5 d6 8. Nge2 Bg4 9. hxg6 hxg6 10. f3 Be6 11. b3 b5 12. d4 b4 13. Na4 cxd4 14. exd4 Nf5 15. Rxh8+ Bxh8 16. f4 Ncxd4 17. Bb2 Nxe2 18. Bxh8 Nexg3 19. Qd2 Rc8 20. Bb7 Rc7 21. Bxa6 Qa8 22. Bb5+ Kf8 23. O-O-O f6 24. Re1 Kf7 25. Nb6 Qb7 26. Qf2 Nh5 27. Kb2 Nxf4 28. Qxf4 Qxb6 29. Qh2 Qd4+ 30. Kb1 Qd3+ 31. Kc1 Qc3+ 32. Kd1 Qa1+ 0-1

[Event "*** Titled Tuesday 3|2 Blitz"]
[Site "Chess.com"]
[Date "2015.10.06"]
[Round "9"]
[White "spirals5"]
[Black "cheese111"]
[Result "1-0"]
[WhiteElo "2173"]
[BlackElo "2146"]
[TimeControl "180+2"]
[EndTime "18:52:20 PDT"]
[Termination "spirals5 won by resignation"]

1. e4 e5 2. Nf3 Nc6 3. Bb5 a6 4. Ba4 Nf6 5. d3 Be7 6. O-O d6 7. h3 O-O 8. c4 Be6 9. Be3 Nd7 10.
Nc3 f5 11. exf5 Bxf5 12. a3 Qe8 13. Nd5 Bd8 14. Bc2 Bg6 15. Nh2 Nf6 16. Nxf6+ Bxf6 17. Rc1 Bh5 18. Ng4 Bh4 19. d4 exd4 20. Bxd4 Nxd4 21.
Qxd4 Qf7 22. Nh6+ gxh6 23. Qxh4 Kh8 24. Qd4+ Qg7 25. Qxg7+ Kxg7 26. Be4 Bg6 27. Bf3 Rae8 28. b4 b6 29. Rfe1 Rxe1+ 30. Rxe1 Re8 31. Rxe8 Bxe8 32. Be2 c5 33. bxc5 dxc5 34. f4 Kf6 35. g4 Bg6 36. Kf2 h5 37. Ke3 hxg4 38. hxg4 Bb1 39. Bd3 Bxd3 40.
Kxd3 h6 41. a4 Ke7 42. Ke4 Ke6 43. g5 h5 44. f5+ Kf7 45. Kf4 Kg7 46. Kg3 b5 47. cxb5 axb5 48. axb5 c4 49. b6 c3 50. b7 c2 51. b8=Q c1=Q 52. Qe5+ Kg8 53. Qe8+ Kg7 54. f6+ Kh7 55. Qf7+ 1-0

[Event "*** Titled Tuesday 3|2 Blitz"]
[Site "Chess.com"]
[Date "2015.10.06"]
[Round "9"]
[White "LyonBeast"]
[Black "jcibarra"]
[Result "1/2-1/2"]
[WhiteElo "2702"]
[BlackElo "2511"]
[TimeControl "180+2"]
[EndTime "18:52:39 PDT"]
[Termination "Game drawn by agreement"]

1. e4 e5 2. Nf3 d6 3. Bc4 Be7 4. c3 Nf6 5. d3 O-O 6. Nbd2 c6 7. Bb3 Nbd7 8. Nf1 Nc5 9. Bc2 Re8 10. Ng3 Bf8 11.
O-O g6 12. Re1 Bg4 13. h3 Bxf3 14. Qxf3 Ne6 15. a4 Nd7 16. b4 Be7 17. Bb3 Bg5 18. Bb2 a5 19. Ne2 axb4 20. cxb4 Bd2 21. Red1 Bxb4 22. d4 Ng5 23. Qe3 Qe7 24. Ng3 Ne6 25. d5 Nf4 26. dxc6 bxc6 27. Qf3 Bc5 28. Bc1 Reb8 29. Bc2 Qf6 30. Kh1 h5 31. Nf1 Ne6 32. Qxf6 Nxf6 33. f3 Nd4 34. Bd3 Nb3 35. Ra2 Nxc1 36.
Rxc1 Ra5 37. Nd2 Rb4 38. Rc4 h4 39. Rxb4 Bxb4 40. Nb3 Ra7 41. a5 Nd7 42. a6 Nc5 43. Nxc5 Bxc5 44. Bc4 Kf8 45. Rb2 Ke7 46. Kh2 Bd4 47.
Rb7+ Kf6 48. g3 hxg3+ 49. Kxg3 Rxb7 50. axb7 Ba7 51. Kg4 Bb8 52. Bb3 Bc7 53. Ba4 d5 54. Bxc6 dxe4 55. fxe4 Kg7 56. Bd7 Kh6 57. Kf3 Kg5 58.
Ke3 f5 59. Bc6 Kh4 60. Bd7 Kg5 61. Be8 Kf6 62. Kd3 Bb8 63. Bc6 Kg5 64. Ke2 Kf4 65.
Kd3 fxe4+ 66. Bxe4 g5 67. Bd5 1/2-1/2

[Event "*** Titled Tuesday 3|2 Blitz"]
[Site "Chess.com"]
[Date "2015.10.06"]
[Round "9"]
[White "jbj"]
[Black "chesstatour"]
[Result "1-0"]
[WhiteElo "2303"]
[BlackElo "1900"]
[TimeControl "180+2"]
[EndTime "18:53:04 PDT"]
[Termination "jbj won by resignation"]

1. e4 c6 2. d4 d5 3. Nc3 dxe4 4.
Nxe4 Nf6 5. Ng3 h5 6. h4 Bg4 7. Be2 e6 8. Bf4 Bd6 9. Bxd6 Qxd6 10. c3 Nbd7 11. Qb3 Nb6 12. Nf3 Nfd7 13. a4 O-O 14.
a5 Nd5 15. O-O Rab8 16. Nh2 Qf4 17. Nxh5 Bxh5 18. Bxh5 Qxh4 19. Bf3 N7f6 20. g3 Qh3 21. Bg2 Qf5 22. c4 Ne7 23. Rfe1 Ng6 24. Nf3 Rfd8 25. Qc3 Rbc8 26. Ne5 Nxe5 27. Rxe5 Qg4 28. a6 bxa6 29. Rxa6 Qxd4 30. Qxd4 Rxd4 31. Rc5 Ng4 32. Raxc6 Rd1+ 33. Bf1 Rb8 34. Rc8+ Rxc8 35. Rxc8+ Kh7 36. Rc7 Kg6 37. Rxa7 Ne5 38. c5 Nf3+ 39. Kg2 Ne1+ 40. Kh3 Nf3 41. Bg2 Ng5+ 42. Kh2 Rc1 43. f4 Nh7 44. b4 Nf6 45. Bf3 Rc2+ 46. Kg1 Rc3 47. Kf2 Rc2+ 48. Ke1 Rc3 49. Ke2 Rc2+ 50. Kd3 Rb2 51. Kc3 Rf2 52. Bb7 Re2 53. Kc4 Re3 54. c6 Ne8 55.
Ra8 Nd6+ 56. Kc5 Nf5 57. c7 Rc3+ 58. Kb6 Nd6 59. c8=Q Nxc8+ 60. Rxc8 Rxg3 61. b5 Rf3 62. Bxf3 1-0

[Event "*** Titled Tuesday 3|2 Blitz"]
[Site "Chess.com"]
[Date "2015.10.06"]
[Round "9"]
[White "3f32"]
[Black "MFBerna"]
[Result "0-1"]
[WhiteElo "2271"]
[BlackElo "2158"]
[TimeControl "180+2"]
[EndTime "18:53:22 PDT"]
[Termination "MFBerna won by resignation"]

1. d4 d5 2. c4 c6 3. Nf3 Nf6 4. e3 e6 5. Nc3 Nbd7 6. Bd3 dxc4 7. Bxc4 b5 8. Bb3 Bb7 9. O-O a6 10. Re1 c5 11. d5 exd5 12. Nxd5 Be7 13. e4 c4 14.
Nxe7 Qxe7 15. Bc2 O-O 16. e5 Nd5 17. Be4 Qc5 18. Bxh7+ Kxh7 19. Ng5+ Kg8 20. Qh5 N7f6 21. exf6 Nxf6 22. Qh3 Rfe8 23. Be3 Qe5 24. Rad1 Rad8 25.
Rf1 Rxd1 26. Rxd1 Qxb2 27. Bd4 Qxd4 28. Rf1 c3 29. Qf5 Re5 30. Nf3 Qxf2+ 31. Rxf2 Rxf5 32. Nd4 Rxf2 33. Kxf2 Be4 34. Ke3 b4 35. g3 a5 36. Nb3 a4 37. Nc1 Bg6 38. Kd4 Ng4 39. Kc4 b3 40. axb3 axb3 41. Kxb3 c2 42. h4 Ne3 43.
Kc3 Kh7 44. Kd2 Nf1+ 45. Kc3 Nxg3 46. Kd4 Kh6 47. Ke5 Kh5 48. Kf4 Kxh4 49. Nb3 Ne2+ 50. Ke3 c1=Q+ 51. Kxe2 0-1

[Event "*** Titled Tuesday 3|2 Blitz"]
[Site "Chess.com"]
[Date "2015.10.06"]
[Round "9"]
[White "Gabrinsky"]
[Black "Mornar1951"]
[Result "0-1"]
[WhiteElo "2470"]
[BlackElo "2600"]
[TimeControl "180+2"]
[EndTime "18:55:26 PDT"]
[Termination "Mornar1951 won by resignation"]

1. e4 c5 2. Nf3 e6 3. d4 cxd4 4. Nxd4 a6 5. c4 Nf6 6. Nc3 Qc7 7. Qd3 d6 8. Be2 Nbd7 9. Be3 b6 10. Rc1 Bb7 11. f3 Rc8 12. O-O Be7 13. b3 O-O 14. Rfd1 Qb8 15. f4 Rfe8 16. Bf3 Qa8 17. g4 Nc5 18.
Qe2 Nfxe4 19. b4 Nxc3 20. Rxc3 Bxf3 21. Nxf3 Ne4 22. Rc2 b5 23. Rd4 bxc4 24. Rdxc4 d5 25. Rc7 Bxb4 26. Ne5 Rxc7 27. Rxc7 Bd6 28. Rc6 Bxe5 29.
Rxa6 Qb8 30. fxe5 Qxe5 31. a4 Nc3 32. Qf3 d4 33. Ra8 Rf8 34. Rxf8+ Kxf8 35. Qa8+ Ke7 36. Qb7+ Kf6 37. Qf3+ Kg6 38. Bf2 Nxa4 39. Qd3+ f5 40. Bxd4 Qe4 41. Qxe4 fxe4 42. Kf2 e5 43. Bxe5 Nb6 44.
Bd4 Nd5 45. h4 Kf7 46. Kg3 g6 47. h5 g5 48. Kf2 Nf6 49. Ke3 Nxg4+ 50. Kxe4 Nh6 51.
Be3 Kf6 52. Bd4+ Ke6 53. Be3 Nf7 54. Bd4 Nd6+ 55. Kf3 Kf5 56. Be3 Ne4 57. Bc1 Nf6 58. h6 Ng8 59. Kg3 Nxh6 60. Bd2 Nf7 61. Bc1 h6 62.
Bd2 h5 63. Bc1 h4+ 64. Kh3 Kg6 65. Kg4 Ne5+ 66. Kh3 Kh5 67. Bd2 Nd3 68. Be3 Nf4+ 69.
Kh2 Kg4 70. Bf2 Kf3 71. Be1 Nd3 72. Bc3 g4 73. Bf6 h3 74. Bh4 Nf4 75. Bg3 Ng6 76. Bd6 Nh4 77. Be7 Ng2 78. Bd6 Nf4 79. Bc5 g3+ 80. Kh1 Nd3 81. Bb6 Nf2+ 82. Bxf2 gxf2 83. Kh2 Ke2 84. Kxh3 f1=Q+ 0-1

[Event "*** Titled Tuesday 3|2 Blitz"]
[Site "Chess.com"]
[Date "2015.10.06"]
[Round "9"]
[White "chess960now"]
[Black "Assasin14"]
[Result "1-0"]
[WhiteElo "1985"]
[BlackElo "1747"]
[TimeControl "180+2"]
[EndTime "18:55:29 PDT"]
[Termination "chess960now won by checkmate"]

1. c4 c6 2. g3 Nf6 3. Bg2 d5 4. Nf3 Bf5 5. O-O e6 6. b3 Be7 7. Bb2 O-O 8. d3 Nbd7 9. Nbd2 h6 10. Qc2 Bg6 11. Rac1 a5 12. a3 b5 13. Nd4 Qb6 14. cxb5 cxb5 15. Nc6 Bd6 16. Bd4 Qb7 17. b4 axb4 18. axb4 Rfc8 19. Nb3 Ne5 20. Nba5 Qd7 21. Bxe5 Bxb4 22. Qa2 Rxc6 23. Rxc6 Qxc6 24. Nxc6 Rxa2 25.
Nxb4 Rxe2 26. Bxf6 gxf6 27. Rb1 Rd2 28. Bf1 d4 29.
Nc6 Bxd3 30. Bxd3 Rxd3 31. Rxb5 e5 32. Ne7+ Kh7 33. Kf1 Rd1+ 34. Ke2 Ra1 35. Nd5 Kg7 36. Rb6 Ra2+ 37. Kf3 Ra3+ 38. Ke4 Ra2 39. f3 Re2+ 40. Kd3 Rf2 41. Rxf6 Rxh2 42. Rf5 Rf2 43. Ke4 Re2+ 44. Kd3 Rf2 45. g4 Kg6 46. Nf6 Rf1 47. Nh5 Rd1+ 48.
Ke4 Re1+ 49. Kd3 Rf1 50. Ng3 Rf2 51. Ne4 Rf1 52. Rf6+ Kg7 53. Rf5 Kg6 54. Nc5 f6 55. Nd7 Kg7 56. Nxf6 Kg6 57. Nd7 Rd1+ 58. Ke2 Ra1 59.
Nxe5+ Kg7 60. Kd3 Ra4 61. Nc6 Kg6 62. Nxd4 Ra3+ 63. Ke4 Ra4 64. Rb5 Ra6 65. Re5 Ra7 66. Kf4 Rf7+ 67. Rf5 Rd7 68. Ke4 Re7+ 69. Re5 Rf7 70.
f4 Kh7 71. Nf5 Rf8 72. Re6 h5 73. gxh5 Kh8 74. Re7 Rb8 75. Ke5 Rb5+ 76. Kf6 Rb6+ 77. Kf7 Rb8 78. Re8+ Rxe8 79. Kxe8 Kh7 80. Kf7 Kh8 81. Nh4 Kh7 82. f5 Kh8 83. f6 Kh7 84. Kf8 Kh8 85. f7 Kh7 86. Ng6 Kh6 87. Kg8 Kxh5 88. f8=Q Kxg6 89. Qf7+ Kg5 90. Kg7 Kg4 91. Kg6 Kg3 92. Kg5 Kg2 93. Kg4 Kg1 94. Kg3 Kh1 95. Qf1# 1-0

[Event "*** Titled Tuesday 3|2 Blitz"]
[Site "Chess.com"]
[Date "2015.10.06"]
[Round "9"]
[White "GMVallejo"]
[Black "facu57"]
[Result "1/2-1/2"]
[WhiteElo "2679"]
[BlackElo "2539"]
[TimeControl "180+2"]
[EndTime "18:58:09 PDT"]
[Termination "Game drawn by repetition"]

1. e4 e5 2. Nf3 Nc6 3. Bb5 g6 4. c3 d6 5. d4 Bd7 6. Bg5 Be7 7. Bxe7 Qxe7 8. O-O Nf6 9. Re1 O-O 10. Na3 Rfe8 11. d5 Nb8 12. Bd3 Bg4 13. Nc2 Nbd7 14. Ne3 Bxf3 15.
Qxf3 Kg7 16. b4 a5 17. a3 Ra7 18. Nc4 axb4 19. cxb4 Nb6 20. Nxb6 cxb6 21. Qe3 Qd8 22. Bb5 Re7 23. a4 Ra8 24. Rac1 Rc7 25. Rxc7 Qxc7 26.
Rc1 Qd8 27. f3 Nh5 28. g3 Rc8 29. Kg2 Rxc1 30. Qxc1 h6 31. Kf2 f5 32. exf5 gxf5 33.
Bd3 Qd7 34. Qc2 Kf6 35. a5 bxa5 36. bxa5 Ng7 37. Qd2 Kg6 38. g4 Qa4 39. h4 Qd4+ 40.
Ke2 Qg1 41. Qb4 Qg2+ 42. Ke3 Qg1+ 43. Kd2 Qf2+ 44. Kc1 Qe3+ 45. Kc2 Qf2+ 46. Kc1 Qe3+ 47.
Kc2 Qf2+ 48. Kc3 Qe1+ 49. Kc4 Qc1+ 50. Kb5 Ne8 51. Bxf5+ Kf7 52. Ka4 Qd1+ 53. Ka3 Qxf3+ 54. Kb2 Qf2+ 55. Bc2 Nc7 56. Qxb7 Qd4+ 57. Kb3 Qe3+ 58. Kb2 Qd4+ 59. Kb3 Qe3+ 60. Ka4 Qf4+ 61. Qb4 Qf1 62. Kb3 Nb5 63. Kb2 Qe2 64. a6 Nd4 65. Qb7+ Kf6 66. Qc8 Qb5+ 67. Kc1 Qf1+ 68. Kb2 Qb5+ 69. Kc1 Qf1+ 70.
Bd1 Qf4+ 71. Kb1 Qd2 72. Qf8+ Kg6 73. Qg8+ Kf6 74. Qf8+ Kg6 75. Qxd6+ Kf7 76. Qd7+ Kf8 77. Qd8+ Kf7 78. Qd7+ Kf8 79. Qd8+ Kf7 80. Qc7+ Kg8 81. Bc2 Nxc2 82. Qc8+ Kg7 83. Qxc2 Qb4+ 84. Ka2 Qa5+ 85. Kb2 Qb4+ 86. Qb3 Qd2+ 87. Kb1 Qe1+ 88. Kb2 Qd2+ 89.
Kb1 Qe1+ 90. Kc2 Qf2+ 91. Kd3 Qf1+ 92. Kc3 Qa1+ 93. Kb4 Qxa6 94. Kc5 Qa7+ 95. Kd6 e4 96. Ke5 e3 97. Kf4 e2 98. Qb2+ Kg8 99. Qxe2 Qf7+ 100. Kg3 Qxd5 101. Qf3 Qd4 102. Qf4 Qg1+ 103. Kf3 Qf1+ 104.
Ke4 Qc4+ 105. Kf5 Qf7+ 106. Ke5 Qc7+ 107. Ke4 Qc4+ 108. Ke3 Qc1+ 109. Kf3 Qf1+ 110. Kg3 Qg1+ 111. Kh3 Qh1+ 112. Qh2 Qf3+ 113. Qg3 Qh1+ 114. Qh2 Qf3+ 115. Qg3 Qh1+ 116. Qh2 1/2-1/2